SOL
MONTGOMERY REBELS @ SAVANNAH INDIANS
07/21/1982
 
TOP OF THE 1ST
Montgomery Rebels batting - Pitching for Savannah Indians : RHP John Adams
Pitching: RHP John Adams
Batting: LHB Chris Stropolo 0-0: Foul Ball, location: 2F
0-1: Ground out 1-3 (Groundball, 13S, EV 66.3 MPH)
Batting: SHB Arthur Fischetti 0-0: Ball
1-0: Ball
2-0: Called Strike
2-1: Called Strike
2-2: Ball
3-2: Fly out, F9 (Flyball, 9D, EV 93.1 MPH)
Batting: LHB Greg Brock 0-0: Foul Ball, location: 2F
0-1: SINGLE (Flyball, 78S, EV 90.6 MPH)
Batting: LHB Dwayne Murphy 0-0: Called Strike
0-1: Fly out, F8 (Flyball, 8LS, EV 83.8 MPH)
Top of the 1st over - 0 runs, 1 hit, 0 errors, 1 left on base; Montgomery 0 - Savannah 0
BOTTOM OF THE 1ST
Savannah Indians batting - Pitching for Montgomery Rebels : LHP Tim Birtsas
Pitching: LHP Tim Birtsas
Batting: RHB Angel Salazar 0-0: Ball
1-0: Foul Ball, location: 2F
1-1: Swinging Strike
1-2: Strikes out swinging
Batting: LHB Kelvin Torve 0-0: Ball
1-0: Ball
2-0: Called Strike
2-1: Called Strike
2-2: Strikes out looking
Batting: RHB Jim Paciorek 0-0: Called Strike
0-1: Foul Ball, location: 2F
0-2: Foul Ball, location: 2F
0-2: Ball
1-2: Fly out, F7 (Flyball, 78D, EV 106.3 MPH)
Bottom of the 1st over - 0 runs, 0 hits, 0 errors, 0 left on base; Montgomery 0 - Savannah 0
TOP OF THE 2ND
Montgomery Rebels batting - Pitching for Savannah Indians : RHP John Adams
Batting: RHB Glenn Williams 0-0: Ball
1-0: Foul Ball, location: 2F
1-1: Foul Ball, location: 2F
1-2: Ball
2-2: Fly out, F7 (Flyball, 78M, EV 86.3 MPH)
Batting: SHB Billy Malpas 0-0: Ball
1-0: Swinging Strike
1-1: Ball
2-1: Swinging Strike
2-2: Ball
3-2: Base on Balls
Batting: RHB Jeff Schumaker 0-0: Ball
1-0: Ball
2-0: Called Strike
2-1: Ball
3-1: Foul Ball, location: 2F
3-2: Base on Balls
Billy Malpas to second
Batting: RHB Paul O'Neill 0-0: Ball
1-0: Reached on error, E3 (Groundball, 34, EV 108.1 MPH)
Billy Malpas to third
Jeff Schumaker to second
Batting: RHB Mike Colbern 0-0: Ball
1-0: Swinging Strike
1-1: Ball
2-1: Called Strike
2-2: GRAND SLAM HOME RUN (Flyball, 7D, EV 111.9 MPH), Distance : 378 ft
Batting: LHB Chris Stropolo 0-0: Called Strike
0-1: Ball
1-1: Foul Ball, location: 2F
1-2: Ground out 6-3 (Groundball, 6M, EV 83.1 MPH)
Batting: SHB Arthur Fischetti 0-0: Ball
1-0: Called Strike
1-1: DOUBLE (Flyball, 8LD, EV 80.0 MPH)
Batting: LHB Greg Brock 0-0: Ground out U3 (Groundball, 3, EV 88.8 MPH)
Top of the 2nd over - 4 runs, 2 hits, 1 error, 1 left on base; Montgomery 4 - Savannah 0
BOTTOM OF THE 2ND
Savannah Indians batting - Pitching for Montgomery Rebels : LHP Tim Birtsas
Batting: RHB Wade Rowdon 0-0: Ball
1-0: Swinging Strike
1-1: Ball
2-1: Foul Ball, location: 2F
2-2: Strikes out looking
Batting: RHB Ramiro Gutierrez 0-0: Ball
1-0: Swinging Strike
1-1: Ball
2-1: Fly out, F7 (Flyball, 7D, EV 100.6 MPH)
Batting: LHB Roberto Hernandez 0-0: Fly out, F9 (Flyball, 9LS, EV 83.1 MPH)
Bottom of the 2nd over - 0 runs, 0 hits, 0 errors, 0 left on base; Montgomery 4 - Savannah 0
TOP OF THE 3RD
Montgomery Rebels batting - Pitching for Savannah Indians : RHP John Adams
Batting: LHB Dwayne Murphy 0-0: Ball
1-0: Foul Ball, location: 2F
1-1: Ball
2-1: Foul Ball, location: 2F
2-2: Ball
3-2: Strikes out swinging, 2-3 out at first.
Batting: RHB Glenn Williams 0-0: Ball
1-0: Called Strike
1-1: Ball
2-1: Ball
3-1: SINGLE (Line Drive, 8RS, EV 97.5 MPH)
Batting: SHB Billy Malpas 0-0: Called Strike
0-1: Foul Ball, location: 2F
0-2: Ball
1-2: Grounds into double play, 4-6-3 (Groundball, 4, EV 106.3 MPH)
Top of the 3rd over - 0 runs, 1 hit, 0 errors, 0 left on base; Montgomery 4 - Savannah 0
BOTTOM OF THE 3RD
Savannah Indians batting - Pitching for Montgomery Rebels : LHP Tim Birtsas
Batting: RHB Eddie Vargas 0-0: Ball
1-0: Called Strike
1-1: Ball
2-1: Foul Ball, location: 2F
2-2: Ball
3-2: Foul Ball, location: 2F
3-2: SINGLE (Groundball, 5S, EV 67.5 MPH) (infield hit)
Batting: RHB Jeff Hearron 0-0: SINGLE (Line Drive, 7LS, EV 95.0 MPH)
Eddie Vargas to second
Batting: RHB Mario Diaz 0-0: Swinging Strike
0-1: Ball
1-1: Swinging Strike
1-2: Fly out, F9 (Flyball, 89S, EV 85.0 MPH)
Batting: RHB Angel Salazar 0-0: Called Strike
0-1: Ball
1-1: Swinging Strike
Passed Ball!
Eddie Vargas to third
Jeff Hearron to second
1-2: Ball
2-2: Foul Ball, location: 2F
2-2: Foul Ball, location: 2F
2-2: Strikes out swinging
Batting: LHB Kelvin Torve 0-0: Ground out 4-3 (Groundball, 34D, EV 87.5 MPH)
Bottom of the 3rd over - 0 runs, 2 hits, 0 errors, 2 left on base; Montgomery 4 - Savannah 0
TOP OF THE 4TH
Montgomery Rebels batting - Pitching for Savannah Indians : RHP John Adams
Batting: RHB Jeff Schumaker 0-0: Ball
1-0: Ball
2-0: Foul Ball, location: 2F
2-1: Ball
3-1: Ground out 1-3 (Groundball, 13, EV 75.0 MPH)
Batting: RHB Paul O'Neill 0-0: Ball
1-0: Called Strike
1-1: Fly out, F6 (Flyball, 6D, EV 81.3 MPH)
Batting: RHB Mike Colbern 0-0: Ball
1-0: Called Strike
1-1: Ground out 6-3 (Groundball, 6, EV 84.4 MPH)
Top of the 4th over - 0 runs, 0 hits, 0 errors, 0 left on base; Montgomery 4 - Savannah 0
BOTTOM OF THE 4TH
Savannah Indians batting - Pitching for Montgomery Rebels : LHP Tim Birtsas
Batting: RHB Jim Paciorek 0-0: Ground out 6-3 (Groundball, 6, EV 88.8 MPH)
Batting: RHB Wade Rowdon 0-0: Ball
1-0: Ball
2-0: Foul Ball, location: 2F
2-1: Swinging Strike
2-2: Strikes out looking
Batting: RHB Ramiro Gutierrez 0-0: Ball
1-0: Foul Ball, location: 2F
1-1: Ball
2-1: Ball
3-1: Base on Balls
Batting: LHB Roberto Hernandez 0-0: Called Strike
0-1: Called Strike
0-2: Ball
1-2: 2-RUN HOME RUN (Flyball, 89XD, EV 105.0 MPH), Distance : 422 ft
Batting: RHB Eddie Vargas 0-0: Ground out 6-3 (Groundball, 6S, EV 82.5 MPH)
Bottom of the 4th over - 2 runs, 1 hit, 0 errors, 0 left on base; Montgomery 4 - Savannah 2
TOP OF THE 5TH
Montgomery Rebels batting - Pitching for Savannah Indians : RHP John Adams
Batting: LHB Chris Stropolo 0-0: Ground out 4-3 (Groundball, 4MD, EV 80.6 MPH)
Batting: SHB Arthur Fischetti 0-0: Called Strike
0-1: Ball
1-1: Hit by Pitch
Batting: LHB Greg Brock 0-0: Called Strike
0-1: Fly out, F9 (Flyball, 9D, EV 94.4 MPH)
Batting: LHB Dwayne Murphy 0-0: Called Strike
0-1: Called Strike
0-2: Foul Ball, location: 2F
0-2: Foul Ball, location: 2F
0-2: Ball
1-2: Ball
2-2: SINGLE (Line Drive, 4MD, EV 104.4 MPH)
Arthur Fischetti to second
Runner from 2nd tries for 3rd, SAFE, no throw by CF
Batting: RHB Glenn Williams 0-0: Ball
1-0: Foul Ball, location: 2F
1-1: Ball
2-1: Ball
3-1: Foul Ball, location: 2F
3-2: Strikes out swinging
Top of the 5th over - 0 runs, 1 hit, 0 errors, 2 left on base; Montgomery 4 - Savannah 2
BOTTOM OF THE 5TH
Savannah Indians batting - Pitching for Montgomery Rebels : LHP Tim Birtsas
Batting: RHB Jeff Hearron 0-0: Swinging Strike
0-1: Ball
1-1: Ball
2-1: Ball
3-1: Foul Ball, location: 2F
3-2: Foul Ball, location: 2F
3-2: Strikes out swinging
Batting: RHB Mario Diaz 0-0: Ball
1-0: Ball
2-0: Fly out, F7 (Line Drive, 7, EV 90.6 MPH)
Batting: RHB Angel Salazar 0-0: Swinging Strike
0-1: Ground out 1-3 (Groundball, 13S, EV 73.1 MPH)
Bottom of the 5th over - 0 runs, 0 hits, 0 errors, 0 left on base; Montgomery 4 - Savannah 2
TOP OF THE 6TH
Montgomery Rebels batting - Pitching for Savannah Indians : RHP John Adams
Batting: SHB Billy Malpas 0-0: Ball
1-0: Ground out 6-3 (Groundball, P, EV 78.8 MPH)
Batting: RHB Jeff Schumaker 0-0: Called Strike
0-1: Swinging Strike
0-2: Ball
1-2: Foul Ball, location: 2F
1-2: Strikes out looking
Batting: RHB Paul O'Neill 0-0: Called Strike
0-1: Swinging Strike
0-2: Ball
1-2: Ground out 6-3 (Groundball, 6, EV 92.5 MPH)
Top of the 6th over - 0 runs, 0 hits, 0 errors, 0 left on base; Montgomery 4 - Savannah 2
BOTTOM OF THE 6TH
Savannah Indians batting - Pitching for Montgomery Rebels : LHP Tim Birtsas
Batting: LHB Kelvin Torve 0-0: Ball
1-0: Swinging Strike
1-1: Foul Ball, location: 2F
1-2: Strikes out swinging
Batting: RHB Jim Paciorek 0-0: Ball
1-0: Ball
2-0: Foul Ball, location: 2F
2-1: Swinging Strike
2-2: Foul Ball, location: 2F
2-2: Fly out, F7 (Flyball, 78M, EV 88.1 MPH)
Batting: RHB Wade Rowdon 0-0: Foul Ball, location: 2F
0-1: Ground out 5-3 (Groundball, 5, EV 86.3 MPH)
Bottom of the 6th over - 0 runs, 0 hits, 0 errors, 0 left on base; Montgomery 4 - Savannah 2
TOP OF THE 7TH
Montgomery Rebels batting - Pitching for Savannah Indians : RHP John Adams
Batting: RHB Mike Colbern 0-0: Ball
1-0: Called Strike
1-1: Swinging Strike
1-2: Strikes out swinging, 2-3 out at first.
Batting: LHB Chris Stropolo 0-0: Called Strike
0-1: Ball
1-1: Ball
2-1: Called Strike
2-2: Ball
3-2: Base on Balls
Batting: SHB Arthur Fischetti 0-0: Foul Ball, location: 2F
0-1: Called Strike
Chris Stropolo steals 2nd base
0-2: SINGLE (Line Drive, 8RS, EV 100.6 MPH)
Chris Stropolo to third
Batting: LHB Greg Brock 0-0: Ball
Wild Pitch!
Chris Stropolo scores
Arthur Fischetti to second
1-0: Fly out, F9 (Flyball, 89D, EV 93.8 MPH)
Runner from 2nd tags up, SAFE at 3rd, no throw by RF
Batting: LHB Dwayne Murphy 0-0: SINGLE (Line Drive, 89M, EV 100.6 MPH)
Arthur Fischetti scores
Pitching: LHP John LoCascio
Batting: RHB Glenn Williams 0-0: Ball
1-0: Ground out 6-3 (Groundball, 6D, EV 106.9 MPH)
Top of the 7th over - 2 runs, 2 hits, 0 errors, 1 left on base; Montgomery 6 - Savannah 2
BOTTOM OF THE 7TH
Savannah Indians batting - Pitching for Montgomery Rebels : LHP Tim Birtsas
Batting: RHB Ramiro Gutierrez 0-0: Called Strike
0-1: Ball
1-1: Called Strike
1-2: Ground out U3 (Groundball, 34, EV 82.5 MPH)
Batting: LHB Roberto Hernandez 0-0: Ball
1-0: Swinging Strike
1-1: Ground out 6-3 (Groundball, 6, EV 93.1 MPH)
Batting: RHB Eddie Vargas 0-0: Foul Ball, location: 2F
0-1: Swinging Strike
0-2: Ball
1-2: Ball
2-2: Strikes out swinging
Bottom of the 7th over - 0 runs, 0 hits, 0 errors, 0 left on base; Montgomery 6 - Savannah 2
TOP OF THE 8TH
Montgomery Rebels batting - Pitching for Savannah Indians : LHP John LoCascio
Batting: SHB Billy Malpas 0-0: Ball
1-0: Swinging Strike
1-1: Swinging Strike
1-2: Strikes out looking
Batting: RHB Jeff Schumaker 0-0: Ball
1-0: Foul Ball, location: 2F
1-1: SINGLE (Line Drive, 9S, EV 101.3 MPH)
Batting: RHB Paul O'Neill 0-0: Ball
1-0: Foul Ball, location: 2F
1-1: Foul Ball, location: 2F
1-2: DOUBLE (Flyball, 9LD, EV 105.0 MPH)
Jeff Schumaker to third
Batting: RHB Mike Colbern 0-0: Called Strike
0-1: Ball
1-1: Fly out, F8 (Flyball, 8LD, EV 101.9 MPH)
Runner from 3rd tags up, SCORES, no throw by CF
Batting: LHB Chris Stropolo 0-0: Called Strike
0-1: Ball
1-1: Ball
2-1: Foul Ball, location: 2F
2-2: Foul Ball, location: 2F
2-2: Foul Ball, location: 2F
2-2: Ball
3-2: Foul Ball, location: 2F
3-2: SINGLE (Groundball, 34S, EV 71.9 MPH) (infield hit)
Paul O'Neill to third
Batting: SHB Arthur Fischetti 0-0: Called Strike
0-1: Foul Ball, location: 2F
0-2: Foul Ball, location: 2F
0-2: Foul Ball, location: 2F
0-2: Foul Ball, location: 2F
0-2: Ball
1-2: Ball
2-2: Foul Ball, location: 2F
2-2: Fly out, F7 (Flyball, 7D, EV 100.6 MPH)
Top of the 8th over - 1 run, 3 hits, 0 errors, 2 left on base; Montgomery 7 - Savannah 2
BOTTOM OF THE 8TH
Savannah Indians batting - Pitching for Montgomery Rebels : LHP Tim Birtsas
Batting: RHB Jeff Hearron 0-0: Foul Ball, location: 2F
0-1: Ball
1-1: Ball
2-1: Ball
3-1: Foul Ball, location: 2F
3-2: Strikes out swinging
Batting: RHB Mario Diaz 0-0: Ground out U3 (Groundball, 3, EV 85.0 MPH)
Batting: RHB Angel Salazar 0-0: Called Strike
0-1: Ball
1-1: Swinging Strike
1-2: Strikes out swinging
Bottom of the 8th over - 0 runs, 0 hits, 0 errors, 0 left on base; Montgomery 7 - Savannah 2
TOP OF THE 9TH
Montgomery Rebels batting - Pitching for Savannah Indians : LHP John LoCascio
Batting: LHB Greg Brock 0-0: Ball
1-0: Called Strike
1-1: Ball
2-1: SINGLE (Line Drive, 3D, EV 105.0 MPH)
Batting: LHB Dwayne Murphy 0-0: Called Strike
0-1: Called Strike
0-2: Ball
1-2: Ball
2-2: Ground out 3-1 (Groundball, 34S, EV 85.0 MPH)
Greg Brock to second
Pitching: RHP John Dopson
Batting: RHB Glenn Williams 0-0: Called Strike
0-1: Ball
1-1: Foul Ball, location: 2F
1-2: Strikes out swinging
Batting: SHB Billy Malpas 0-0: Swinging Strike
0-1: Foul Ball, location: 2F
0-2: Strikes out looking
Top of the 9th over - 0 runs, 1 hit, 0 errors, 1 left on base; Montgomery 7 - Savannah 2
BOTTOM OF THE 9TH
Savannah Indians batting - Pitching for Montgomery Rebels : LHP Tim Birtsas
Batting: LHB Kelvin Torve 0-0: Ball
1-0: Fly out, F7 (Flyball, 78M, EV 95.0 MPH)
Batting: RHB Jim Paciorek 0-0: Foul Ball, location: 2F
0-1: Ball
1-1: Fly out, F8 (Flyball, 8RS, EV 86.3 MPH)
Batting: RHB Wade Rowdon 0-0: Called Strike
0-1: Ball
1-1: Fly out, F3 (Popup, 3F, EV 70.0 MPH)
Bottom of the 9th over - 0 runs, 0 hits, 0 errors, 0 left on base; Montgomery 7 - Savannah 2
Monday, August 17th, 2020 - OOTP Baseball 21.5 Build 76